General information
- name: BNet
- type: Ladder team game (AT/RT)
- host: Battle.net
- saver: STRIKER.D.OPS
map: FullScaleAssault
- players: 8
- length: 49:44
- speed: Fast
- version: 1.26 W3XP
- replay type: Public
» download(287 KB)
Players
team 1 (winner)
Just)Tool (
green | 29 APM | 1454 actions | 49:43)
7 Blademaster
2 Wind Walk
3 Critical Strike
1 Bladestorm
1 Mirror Image
7 Tauren Chieftain
3 War Stomp
3 Endurance Aura
1 Reincarnation
» actions
| Assign group hotkey | 6 | |
| Basic commands | 7 | |
| Build / train | 64 | |
| Enter build submenu | 18 | |
| Enter hero's abilities submenu | 14 | |
| Give item / drop item | 4 | |
| Remove unit from queue | 2 | |
| Right click | 975 | |
| Select / deselect | 227 | |
| Select group hotkey | 76 | |
| Use ability | 61 | |
1454 total
» units
| Peon | 6 | |
| Wind Rider | 6 | |
| Makrura Deepseer | 1 | |
| Blue Dragon | 1 | |
| Raider | 11 | |
25 total
» upgrades
| Armor | 3 | |
| Envenomed Spears | 1 | |
| Ranged Weapons | 3 | |
| Reinforced Defenses | 1 | |
| Spiked Barricades | 1 | |
| Ensnare | 1 | |
| Melee Weapons | 3 | |
| Pillage | 1 | |
14 total
» buildings
| War Mill | 2 | |
| Altar of Storms | 2 | |
| Orc Burrow | 9 | |
| Voodoo Lounge | 1 | |
| Stronghold | 1 | |
| Beastiary | 2 | |
| Fortress | 1 | |
18 total
» build order
00:12 War Mill
00:17 Altar of Storms
00:24 Orc Burrow
01:27 Voodoo Lounge
02:27 Stronghold
02:59 Orc Burrow
04:56 Beastiary
04:59 Beastiary
05:25 Fortress
05:45 Orc Burrow
06:41 Orc Burrow
10:18 Orc Burrow
11:13 Orc Burrow
14:38 Orc Burrow
37:47 War Mill
40:18 Altar of Storms
41:23 Orc Burrow
41:25 Orc Burrow
» items
| Lesser Clarity Potion | 2 | |
| Healing Salve | 2 | |
| Orb of Corruption | 1 | |
5 total
STRIKER.D.OPS (
purple | 43 APM | 2129 actions | 49:44)
3 Goblin Alchemist
1 Chemical Rage
2 Healing Spray
» actions
| Assign group hotkey | 90 | |
| Basic commands | 113 | |
| Build / train | 115 | |
| Enter build submenu | 51 | |
| Enter hero's abilities submenu | 3 | |
| Give item / drop item | 5 | |
| Remove unit from queue | 1 | |
| Right click | 438 | |
| Select / deselect | 366 | |
| Select group hotkey | 703 | |
| Use ability | 244 | |
2129 total
» units
| Acolyte | 18 | |
| Ghoul | 4 | |
| Goblin Shredder | 1 | |
| Goblin Zeppelin | 1 | |
| Frost Wyrm | 1 | |
| Gargoyle | 3 | |
| Meatwagon | 3 | |
31 total
» upgrades
| Creature Attack | 3 | |
| Creature Carapace | 3 | |
| Unholy Strength | 3 | |
9 total
» buildings
| Graveyard | 2 | |
| Crypt | 6 | |
| Altar of Darkness | 1 | |
| Ziggurat | 73 | |
| Tomb of Relics | 3 | |
| Nerubian Tower | 9 | |
| Spirit Tower | 41 | |
| Necropolis | 2 | |
| Halls of the Dead | 1 | |
| Black Citadel | 1 | |
| Sacrificial Pit | 1 | |
| Boneyard | 2 | |
| Slaughterhouse | 4 | |
146 total
» build order
00:08 Graveyard
00:23 Crypt
00:48 Altar of Darkness
01:06 Ziggurat
01:40 Tomb of Relics
02:05 Nerubian Tower
02:22 Ziggurat
03:02 Ziggurat
04:27 Ziggurat
04:28 Ziggurat
04:29 Ziggurat
04:30 Ziggurat
04:44 Ziggurat
05:21 Spirit Tower
05:22 Spirit Tower
05:25 Spirit Tower
05:29 Spirit Tower
05:29 Spirit Tower
05:30 Spirit Tower
05:56 Spirit Tower
06:01 Ziggurat
06:29 Ziggurat
06:57 Nerubian Tower
07:40 Necropolis
07:58 Spirit Tower
08:08 Ziggurat
08:08 Ziggurat
08:09 Ziggurat
09:01 Ziggurat
09:32 Spirit Tower
09:56 Spirit Tower
10:16 Tomb of Relics
10:19 Halls of the Dead
10:44 Ziggurat
10:45 Ziggurat
10:46 Ziggurat
10:52 Ziggurat
10:54 Ziggurat
10:54 Ziggurat
11:00 Ziggurat
11:01 Ziggurat
11:01 Ziggurat
11:06 Ziggurat
11:07 Ziggurat
11:09 Ziggurat
11:15 Ziggurat
11:16 Ziggurat
11:17 Ziggurat
11:31 Ziggurat
11:32 Ziggurat
11:32 Ziggurat
11:39 Ziggurat
11:41 Ziggurat
11:56 Spirit Tower
12:04 Spirit Tower
12:08 Spirit Tower
12:13 Spirit Tower
12:18 Tomb of Relics
12:21 Nerubian Tower
12:41 Ziggurat
12:42 Ziggurat
12:43 Ziggurat
12:49 Spirit Tower
12:50 Spirit Tower
12:54 Spirit Tower
13:13 Ziggurat
13:14 Ziggurat
13:29 Black Citadel
14:01 Spirit Tower
14:02 Spirit Tower
14:20 Spirit Tower
14:21 Spirit Tower
14:23 Nerubian Tower
14:35 Necropolis
14:53 Spirit Tower
14:59 Ziggurat
15:01 Ziggurat
15:02 Ziggurat
15:03 Ziggurat
15:45 Ziggurat
15:45 Ziggurat
15:46 Ziggurat
15:46 Ziggurat
15:47 Ziggurat
15:49 Ziggurat
16:01 Ziggurat
16:03 Ziggurat
16:20 Spirit Tower
16:21 Spirit Tower
16:39 Ziggurat
16:40 Ziggurat
16:48 Ziggurat
16:54 Nerubian Tower
16:57 Nerubian Tower
17:10 Sacrificial Pit
17:36 Spirit Tower
17:57 Ziggurat
17:59 Ziggurat
18:01 Ziggurat
18:07 Spirit Tower
18:08 Spirit Tower
18:24 Ziggurat
18:25 Ziggurat
18:31 Ziggurat
18:32 Ziggurat
18:33 Ziggurat
18:34 Ziggurat
18:36 Ziggurat
19:09 Spirit Tower
19:34 Nerubian Tower
19:48 Spirit Tower
19:48 Spirit Tower
19:49 Spirit Tower
19:49 Spirit Tower
20:16 Ziggurat
20:17 Ziggurat
20:18 Ziggurat
20:19 Ziggurat
20:19 Ziggurat
21:21 Spirit Tower
21:25 Boneyard
21:26 Boneyard
22:00 Graveyard
22:22 Crypt
23:06 Crypt
23:09 Crypt
23:11 Crypt
23:13 Crypt
23:23 Nerubian Tower
25:50 Ziggurat
25:51 Ziggurat
25:51 Ziggurat
29:16 Slaughterhouse
29:17 Slaughterhouse
29:19 Slaughterhouse
29:23 Slaughterhouse
» items
| Rod of Necromancy | 1 | |
| Sacrificial Skull | 5 | |
| Scroll of Regeneration | 1 | |
| Potion of Healing | 3 | |
| Staff of Teleportation | 1 | |
| Potion of Invisibility | 1 | |
| Potion of Lesser Invulnerability | 2 | |
| Scroll of Town Portal | 2 | |
| Orb of Fire | 1 | |
17 total
Hoarders (
blue | 55 APM | 2729 actions | 49:43)
7 Blood Mage
3 Flame Strike
2 Siphon Mana
1 Summon Phoenix
1 Banish
» actions
| Assign group hotkey | 219 | |
| Basic commands | 267 | |
| Build / train | 111 | |
| Enter build submenu | 36 | |
| Enter hero's abilities submenu | 7 | |
| Give item / drop item | 2 | |
| Remove unit from queue | 3 | |
| Right click | 1133 | |
| Select / deselect | 490 | |
| Select group hotkey | 293 | |
| Use ability | 168 | |
2729 total
» units
| Peasant | 12 | |
| Footman | 4 | |
| Goblin Shredder | 1 | |
| Goblin Zeppelin | 1 | |
| Sorceress | 5 | |
| Mortar Team | 4 | |
| Blue Dragon | 2 | |
| Siege Engine | 5 | |
34 total
» upgrades
| Masonry | 3 | |
| Sorceress Training | 1 | |
| Lumber Harvesting | 1 | |
| Gunpowder | 3 | |
| Armor | 3 | |
| Animal War Training | 1 | |
| Fragmentation Shards | 1 | |
| Flare | 1 | |
| Swords | 2 | |
| Magic Sentry | 1 | |
| Plating | 3 | |
| Barrage | 1 | |
21 total
» buildings
| Altar of Kings | 1 | |
| Barracks | 1 | |
| Farm | 10 | |
| Keep | 1 | |
| Town Hall | 3 | |
| Arcane Vault | 1 | |
| Lumber Mill | 1 | |
| Scout Tower | 10 | |
| Arcane Tower | 1 | |
| Guard Tower | 4 | |
| Arcane Sanctum | 1 | |
| Castle | 1 | |
| Blacksmith | 2 | |
| Workshop | 6 | |
43 total
» build order
00:37 Altar of Kings
00:38 Barracks
00:52 Farm
01:05 Farm
01:06 Farm
01:57 Farm
03:55 Keep
04:04 Town Hall
04:14 Arcane Vault
04:44 Lumber Mill
04:48 Farm
05:15 Scout Tower
05:17 Scout Tower
05:19 Scout Tower
05:22 Scout Tower
05:26 Scout Tower
05:50 Arcane Tower
05:53 Guard Tower
05:54 Guard Tower
06:43 Farm
07:14 Arcane Sanctum
08:07 Scout Tower
08:07 Scout Tower
08:09 Scout Tower
08:20 Scout Tower
09:46 Guard Tower
09:55 Guard Tower
11:11 Castle
12:35 Blacksmith
12:36 Blacksmith
14:06 Workshop
14:06 Workshop
14:06 Workshop
14:07 Workshop
14:07 Workshop
14:11 Workshop
17:52 Farm
17:52 Farm
17:53 Farm
17:53 Farm
25:38 Town Hall
31:27 Town Hall
» items
| Scroll of Regeneration | 7 | |
| Boots of Speed | 2 | |
| Staff of Teleportation | 1 | |
| Potion of Invisibility | 6 | |
| Potion of Lesser Invulnerability | 3 | |
| Scroll of Healing | 1 | |
| Potion of Healing | 5 | |
| Potion of Mana | 4 | |
| Lesser Clarity Potion | 5 | |
| Scroll of Town Portal | 3 | |
| Healing Salve | 1 | |
38 total
daniloabc (
red | 47 APM | 1989 actions | 42:23)
5 Dark Ranger
2 Black Arrow
3 Life Drain
3 Paladin
2 Devotion Aura
1 Holy Light
» actions
| Basic commands | 11 | |
| Build / train | 148 | |
| Enter build submenu | 41 | |
| Enter hero's abilities submenu | 8 | |
| Remove unit from queue | 2 | |
| Right click | 1036 | |
| Select / deselect | 654 | |
| Use ability | 89 | |
1989 total
» units
| Peasant | 19 | |
| Flying Machine | 61 | |
| Blue Drake | 1 | |
| Blue Dragon Whelp | 1 | |
| Goblin Shredder | 1 | |
83 total
» upgrades
| Masonry | 1 | |
| Gunpowder | 2 | |
| Flying Machine Bombs | 1 | |
| Flak Cannons | 1 | |
| Magic Sentry | 1 | |
| Armor | 1 | |
| Backpack | 1 | |
8 total
» buildings
| Lumber Mill | 2 | |
| Altar of Kings | 3 | |
| Farm | 20 | |
| Scout Tower | 29 | |
| Arcane Vault | 1 | |
| Blacksmith | 2 | |
| Keep | 2 | |
| Guard Tower | 18 | |
| Castle | 1 | |
| Workshop | 4 | |
| Arcane Sanctum | 1 | |
| Arcane Tower | 5 | |
| Town Hall | 3 | |
| Cannon Tower | 3 | |
94 total
» build order
00:12 Lumber Mill
00:29 Altar of Kings
01:23 Farm
01:24 Farm
01:27 Farm
01:27 Farm
01:28 Farm
01:28 Farm
01:31 Scout Tower
01:31 Scout Tower
01:33 Scout Tower
01:34 Scout Tower
03:08 Arcane Vault
03:13 Blacksmith
03:39 Keep
03:51 Scout Tower
03:53 Scout Tower
03:57 Scout Tower
04:02 Farm
04:03 Farm
04:04 Farm
04:28 Guard Tower
05:12 Guard Tower
05:32 Guard Tower
06:17 Guard Tower
06:18 Castle
06:26 Workshop
06:27 Workshop
06:37 Guard Tower
07:25 Guard Tower
07:40 Scout Tower
07:40 Scout Tower
07:44 Scout Tower
07:45 Scout Tower
08:19 Guard Tower
08:56 Arcane Sanctum
08:59 Farm
09:00 Farm
09:48 Arcane Tower
09:51 Arcane Tower
09:55 Guard Tower
10:23 Guard Tower
10:23 Guard Tower
10:24 Guard Tower
10:30 Guard Tower
11:52 Town Hall
14:23 Scout Tower
14:25 Scout Tower
14:27 Scout Tower
14:28 Scout Tower
14:30 Scout Tower
15:28 Cannon Tower
15:55 Farm
15:56 Farm
17:21 Arcane Tower
22:15 Guard Tower
23:00 Cannon Tower
23:01 Guard Tower
26:34 Workshop
26:35 Workshop
28:50 Town Hall
28:52 Scout Tower
28:55 Scout Tower
28:57 Scout Tower
28:59 Scout Tower
29:38 Guard Tower
29:41 Scout Tower
29:41 Scout Tower
29:44 Scout Tower
29:45 Scout Tower
29:50 Scout Tower
29:50 Scout Tower
29:54 Scout Tower
29:54 Scout Tower
30:48 Guard Tower
31:46 Scout Tower
32:13 Cannon Tower
32:15 Arcane Tower
32:16 Guard Tower
32:23 Guard Tower
32:48 Arcane Tower
34:20 Altar of Kings
34:24 Lumber Mill
35:17 Blacksmith
35:21 Farm
35:22 Farm
35:22 Farm
35:24 Farm
36:19 Farm
36:20 Farm
36:35 Keep
40:26 Town Hall
40:49 Altar of Kings
40:52 Farm
» items
| Scroll of Regeneration | 3 | |
| Orb of Fire | 3 | |
| Ivory Tower | 9 | |
| Potion of Healing | 2 | |
| Staff of Teleportation | 1 | |
18 total
team 2 (loser)
WhosGotTheMota (
orange | 32 APM | 683 actions | 21:12)
3 Archmage
2 Summon Water Elemental
1 Brilliance Aura
» actions
| Basic commands | 7 | |
| Build / train | 100 | |
| Enter build submenu | 35 | |
| Enter hero's abilities submenu | 4 | |
| Give item / drop item | 2 | |
| Remove unit from queue | 2 | |
| Right click | 184 | |
| Select / deselect | 301 | |
| Use ability | 48 | |
683 total
» units
| Peasant | 18 | |
| Footman | 5 | |
| Mortar Team | 36 | |
| Sorceress | 3 | |
62 total
» upgrades
| Masonry | 3 | |
| Gunpowder | 3 | |
| Armor | 3 | |
| Lumber Harvesting | 2 | |
| Flare | 1 | |
| Magic Sentry | 1 | |
| Sorceress Training | 1 | |
| Fragmentation Shards | 1 | |
| Plating | 1 | |
| Swords | 1 | |
17 total
» buildings
| Altar of Kings | 1 | |
| Farm | 11 | |
| Barracks | 1 | |
| Scout Tower | 11 | |
| Lumber Mill | 1 | |
| Town Hall | 1 | |
| Guard Tower | 9 | |
| Keep | 1 | |
| Blacksmith | 1 | |
| Castle | 1 | |
| Workshop | 2 | |
| Arcane Sanctum | 1 | |
41 total
» build order
01:08 Altar of Kings
01:22 Farm
01:37 Barracks
01:52 Farm
02:29 Farm
03:16 Farm
04:07 Scout Tower
04:12 Scout Tower
04:15 Lumber Mill
04:42 Town Hall
04:53 Farm
04:57 Scout Tower
05:02 Scout Tower
05:26 Guard Tower
05:34 Guard Tower
05:51 Scout Tower
05:56 Farm
06:22 Guard Tower
06:25 Scout Tower
07:21 Guard Tower
07:26 Scout Tower
07:38 Keep
07:56 Guard Tower
07:59 Scout Tower
08:24 Blacksmith
08:30 Guard Tower
08:33 Farm
09:00 Scout Tower
09:25 Farm
09:35 Guard Tower
09:38 Scout Tower
10:31 Guard Tower
10:34 Scout Tower
10:43 Castle
11:26 Workshop
11:29 Workshop
11:33 Arcane Sanctum
11:48 Guard Tower
14:29 Farm
15:55 Farm
17:06 Farm
» items
| Scroll of Town Portal | 2 | |
| Potion of Lesser Invulnerability | 1 | |
3 total
S2Pallom.Amor (
yellow | 51 APM | 1331 actions | 26:19)
4 Archmage
2 Summon Water Elemental
2 Brilliance Aura
» actions
| Assign group hotkey | 29 | |
| Basic commands | 20 | |
| Build / train | 127 | |
| Enter build submenu | 55 | |
| Enter hero's abilities submenu | 4 | |
| Remove unit from queue | 1 | |
| Right click | 389 | |
| Select / deselect | 518 | |
| Select group hotkey | 84 | |
| Use ability | 104 | |
1331 total
» units
| Peasant | 39 | |
| Footman | 3 | |
| Siege Engine | 9 | |
| Rifleman | 14 | |
| Priest | 9 | |
| Flying Machine | 10 | |
84 total
» upgrades
| Lumber Harvesting | 2 | |
| Barrage | 1 | |
| Gunpowder | 1 | |
| Masonry | 1 | |
| Plating | 1 | |
6 total
» buildings
| Altar of Kings | 1 | |
| Farm | 10 | |
| Barracks | 2 | |
| Arcane Vault | 1 | |
| Scout Tower | 32 | |
| Lumber Mill | 1 | |
| Arcane Tower | 11 | |
| Town Hall | 2 | |
| Blacksmith | 1 | |
| Guard Tower | 12 | |
| Keep | 1 | |
| Castle | 1 | |
| Workshop | 2 | |
77 total
» build order
00:04 Altar of Kings
00:05 Farm
01:01 Barracks
01:07 Farm
01:30 Arcane Vault
01:45 Scout Tower
01:54 Lumber Mill
02:16 Arcane Tower
03:18 Farm
04:48 Town Hall
05:18 Blacksmith
05:21 Farm
05:24 Scout Tower
05:55 Farm
06:22 Guard Tower
06:48 Scout Tower
06:51 Scout Tower
06:55 Scout Tower
06:59 Scout Tower
07:06 Farm
07:09 Keep
07:20 Scout Tower
07:26 Scout Tower
07:28 Scout Tower
07:32 Scout Tower
07:50 Farm
07:53 Scout Tower
08:05 Scout Tower
08:09 Guard Tower
08:13 Guard Tower
08:26 Farm
08:35 Scout Tower
08:40 Guard Tower
09:36 Scout Tower
09:38 Scout Tower
09:41 Scout Tower
09:43 Castle
09:56 Farm
10:01 Guard Tower
10:03 Arcane Tower
10:25 Guard Tower
10:51 Guard Tower
11:05 Scout Tower
11:42 Scout Tower
11:43 Guard Tower
11:58 Guard Tower
12:37 Guard Tower
12:46 Workshop
13:51 Workshop
14:02 Scout Tower
14:29 Scout Tower
14:31 Scout Tower
14:33 Scout Tower
15:02 Arcane Tower
15:04 Scout Tower
15:06 Scout Tower
15:07 Scout Tower
15:10 Arcane Tower
15:11 Guard Tower
15:31 Guard Tower
16:10 Arcane Tower
16:14 Scout Tower
16:52 Arcane Tower
17:24 Scout Tower
17:27 Scout Tower
17:29 Scout Tower
17:31 Scout Tower
17:38 Scout Tower
18:07 Scout Tower
19:15 Arcane Tower
19:17 Arcane Tower
20:01 Arcane Tower
20:03 Arcane Tower
20:05 Arcane Tower
20:19 Guard Tower
21:21 Town Hall
21:37 Barracks
22:38 Farm
» items
| Scroll of Regeneration | 3 | |
| Scroll of Town Portal | 1 | |
4 total
HelloOnTheWay (
teal | 75 APM | 3707 actions | 49:43)
6 Archmage
2 Summon Water Elemental
3 Brilliance Aura
1 Mass Teleport
5 Mountain King
3 Storm Bolt
2 Bash
» actions
| Assign group hotkey | 59 | |
| Basic commands | 128 | |
| Build / train | 247 | |
| ESC pressed | 19 | |
| Enter build submenu | 108 | |
| Enter hero's abilities submenu | 12 | |
| Give item / drop item | 8 | |
| Right click | 1224 | |
| Select / deselect | 831 | |
| Select group hotkey | 829 | |
| Use ability | 242 | |
3707 total
» units
| Peasant | 32 | |
| Footman | 8 | |
| Goblin Shredder | 13 | |
| Goblin Zeppelin | 7 | |
| Goblin Sapper | 2 | |
| Dragonhawk Rider | 6 | |
| Rifleman | 6 | |
| Siege Engine | 6 | |
80 total
» upgrades
| Masonry | 3 | |
| Lumber Harvesting | 2 | |
| Swords | 3 | |
| Animal War Training | 1 | |
| Storm Hammers | 1 | |
| Cloud | 1 | |
| Armor | 3 | |
| Defend | 2 | |
| Long Rifles | 1 | |
| Magic Sentry | 1 | |
| Sorceress Training | 2 | |
| Priest Training | 3 | |
| Control Magic | 1 | |
| Plating | 3 | |
| Barrage | 1 | |
| Gunpowder | 3 | |
| Flak Cannons | 1 | |
| Flying Machine Bombs | 1 | |
| Fragmentation Shards | 1 | |
| Flare | 1 | |
| Backpack | 1 | |
| Strength of the Wild | 1 | |
| Reinforced Hides | 1 | |
38 total
» buildings
| Altar of Kings | 1 | |
| Barracks | 1 | |
| Farm | 15 | |
| Arcane Vault | 2 | |
| Town Hall | 6 | |
| Scout Tower | 58 | |
| Arcane Tower | 8 | |
| Lumber Mill | 1 | |
| Keep | 6 | |
| Guard Tower | 61 | |
| Castle | 7 | |
| Blacksmith | 1 | |
| Gryphon Aviary | 4 | |
| Arcane Sanctum | 1 | |
| Workshop | 4 | |
| Ancient Protector | 5 | |
181 total
» build order
00:04 Altar of Kings
00:08 Barracks
00:11 Farm
00:56 Farm
01:56 Farm
02:07 Arcane Vault
03:41 Town Hall
04:06 Scout Tower
04:47 Arcane Tower
04:47 Arcane Tower
05:00 Scout Tower
05:11 Lumber Mill
05:14 Scout Tower
05:26 Arcane Tower
05:26 Arcane Tower
05:58 Keep
06:13 Farm
06:17 Guard Tower
06:41 Guard Tower
07:35 Farm
08:23 Castle
08:39 Blacksmith
09:07 Gryphon Aviary
09:10 Gryphon Aviary
11:30 Town Hall
11:33 Scout Tower
11:34 Scout Tower
11:36 Scout Tower
11:39 Scout Tower
12:31 Guard Tower
13:40 Farm
13:44 Gryphon Aviary
13:48 Gryphon Aviary
14:25 Farm
14:29 Scout Tower
14:30 Scout Tower
14:31 Scout Tower
14:32 Scout Tower
15:29 Guard Tower
15:29 Guard Tower
15:30 Guard Tower
15:30 Guard Tower
15:42 Farm
16:21 Farm
17:28 Arcane Sanctum
19:01 Scout Tower
19:02 Scout Tower
19:03 Scout Tower
19:05 Scout Tower
19:06 Scout Tower
19:07 Scout Tower
19:58 Keep
19:58 Keep
21:20 Town Hall
21:28 Guard Tower
21:29 Guard Tower
21:56 Scout Tower
21:56 Scout Tower
21:57 Scout Tower
21:58 Scout Tower
21:58 Scout Tower
21:59 Scout Tower
22:10 Scout Tower
22:11 Scout Tower
22:12 Scout Tower
22:15 Scout Tower
22:20 Scout Tower
22:21 Scout Tower
22:23 Castle
22:24 Castle
22:26 Castle
22:26 Castle
22:26 Castle
22:29 Scout Tower
22:30 Scout Tower
22:32 Scout Tower
22:35 Scout Tower
22:37 Scout Tower
22:41 Scout Tower
22:43 Guard Tower
23:07 Workshop
23:08 Workshop
23:09 Workshop
23:10 Workshop
23:15 Guard Tower
23:15 Guard Tower
23:16 Guard Tower
24:01 Guard Tower
24:01 Guard Tower
24:04 Scout Tower
25:01 Keep
25:02 Keep
25:18 Guard Tower
25:28 Farm
25:31 Farm
25:32 Farm
25:36 Farm
25:40 Farm
27:32 Farm
28:09 Scout Tower
28:10 Scout Tower
28:12 Scout Tower
28:14 Scout Tower
28:15 Scout Tower
28:34 Scout Tower
28:35 Scout Tower
28:37 Scout Tower
28:39 Guard Tower
28:39 Guard Tower
28:39 Guard Tower
28:51 Guard Tower
28:51 Guard Tower
28:51 Guard Tower
28:54 Scout Tower
29:08 Guard Tower
29:09 Guard Tower
29:09 Guard Tower
29:14 Guard Tower
29:14 Guard Tower
29:46 Town Hall
29:50 Scout Tower
29:50 Scout Tower
29:51 Scout Tower
29:51 Scout Tower
30:51 Ancient Protector
30:52 Ancient Protector
30:53 Ancient Protector
30:55 Ancient Protector
31:26 Guard Tower
32:27 Guard Tower
32:27 Guard Tower
34:59 Town Hall
35:05 Scout Tower
35:06 Scout Tower
35:08 Scout Tower
35:08 Scout Tower
35:10 Scout Tower
35:11 Scout Tower
35:11 Scout Tower
35:12 Scout Tower
35:44 Guard Tower
35:44 Guard Tower
35:45 Guard Tower
36:01 Guard Tower
36:01 Guard Tower
36:03 Guard Tower
36:03 Guard Tower
36:07 Guard Tower
36:07 Guard Tower
36:07 Guard Tower
36:10 Guard Tower
36:10 Guard Tower
36:10 Guard Tower
36:45 Arcane Vault
45:57 Ancient Protector
48:10 Scout Tower
48:16 Town Hall
» items
| Scroll of Regeneration | 3 | |
| Scroll of Town Portal | 4 | |
| Staff of Teleportation | 2 | |
| Boots of Speed | 2 | |
| Potion of Healing | 1 | |
| Mechanical Critter | 2 | |
| Lesser Clarity Potion | 1 | |
15 total
aquila_viana (
pink | 61 APM | 1650 actions | 26:56)
7 Warden
3 Fan of Knives
3 Blink
1 Spirit of Vengeance
2 Priestess of the Moon
1 Searing Arrows
1 Trueshot Aura
» actions
| Assign group hotkey | 37 | |
| Basic commands | 121 | |
| Build / train | 93 | |
| Enter build submenu | 27 | |
| Enter hero's abilities submenu | 9 | |
| Give item / drop item | 4 | |
| Right click | 297 | |
| Select / deselect | 369 | |
| Select group hotkey | 570 | |
| Use ability | 122 | |
1650 total
» units
| Wisp | 26 | |
| Archer | 20 | |
| Hippogryph | 13 | |
59 total
» upgrades
| Ultravision | 1 | |
| Strength of the Moon | 2 | |
| Moon Armor | 2 | |
| Hippogryph Taming | 1 | |
| Nature's Blessing | 1 | |
| Improved Bows | 1 | |
| Well Spring | 1 | |
9 total
» buildings
| Altar of Elders | 1 | |
| Moon Well | 9 | |
| Ancient of War | 2 | |
| Hunter's Hall | 1 | |
| Tree of Ages | 1 | |
| Tree of Life | 2 | |
| Ancient of Wind | 2 | |
| Ancient of Wonders | 1 | |
| Ancient Protector | 7 | |
| Tree of Eternity | 1 | |
27 total
» build order
00:06 Altar of Elders
00:13 Moon Well
01:04 Moon Well
01:37 Ancient of War
01:50 Moon Well
02:27 Moon Well
02:31 Moon Well
02:58 Hunter's Hall
03:54 Moon Well
04:59 Moon Well
05:38 Tree of Ages
06:00 Moon Well
07:06 Tree of Life
07:49 Ancient of War
08:58 Ancient of Wind
09:00 Ancient of Wind
09:27 Ancient of Wonders
14:06 Ancient Protector
14:06 Ancient Protector
14:07 Ancient Protector
14:07 Ancient Protector
14:08 Ancient Protector
14:12 Ancient Protector
14:15 Ancient Protector
14:39 Moon Well
17:36 Tree of Eternity
25:50 Tree of Life
» items
| Staff of Teleportation | 1 | |
| Potion of Lesser Invulnerability | 1 | |
| Potion of Healing | 4 | |
| Dust of Appearance | 1 | |
| Orb of Venom | 1 | |
| Scroll of Town Portal | 2 | |
| Potion of Mana | 2 | |
12 total
Chat log
(00:20 / All) STRIKER.D.OPS: please watch the language, my mother is watching me
(00:29 / All) HelloOnTheWay: Fuck you, stupid faggot
(00:33 / Allies) daniloabc: lol
(00:37 / All) Just)Tool: lmao
(00:46 / All) Hoarders: this ain't daycare you faggoty ass bitch
(00:51 / All) HelloOnTheWay: Go rape a nigger, self-admitted homo
(00:56 / Allies) daniloabc: dont say it please
(01:00 / Allies) daniloabc: :D
(01:01 / All) HelloOnTheWay: see how small their cocks really are
(01:02 / All) STRIKER.D.OPS: i may get grounded again, sucks being 25 and still being punished for this gibberish
(01:20 / All) HelloOnTheWay: Did your mom see all of that?
(01:33 / All) HelloOnTheWay: Is she shot?
(01:36 / All) STRIKER.D.OPS: she was watching a rerun of biggest loser but saw first cuss word
(01:43 / All) Hoarders: you ain't cool if yo udon't piss your pants
(01:47 / All) Hoarders: it's the coolest
(02:01 / All) WhosGotTheMota: he called the shit poop
(02:49 / Allies) daniloabc: units?
(03:38 / Allies) STRIKER.D.OPS: gold plz red i will show u a homosexual trick
(04:19 / Allies) daniloabc: i need it
(04:26 / Allies) daniloabc: mass machines
(04:48 / Allies) STRIKER.D.OPS: come red
(04:50 / Allies) STRIKER.D.OPS: protect me
(04:51 / Allies) STRIKER.D.OPS: brother
(04:55 / Allies) daniloabc: ok
(04:55 / Allies) STRIKER.D.OPS: from the communists
(05:00 / Allies) daniloabc: second
(05:49 / Allies) STRIKER.D.OPS: hold down the fort squire of albatron
(05:52 / Allies) STRIKER.D.OPS: you are an elite
(05:56 / Allies) daniloabc: give one with ice power
(06:01 / Allies) daniloabc: sloww
(06:21 / Allies) STRIKER.D.OPS: come squire
(07:06 / Allies) daniloabc: take str item
(07:56 / Allies) daniloabc: help here
(08:06 / Allies) daniloabc: plesae
(08:16 / Allies) daniloabc: lool
(08:26 / Allies) daniloabc: here now
(08:48 / Allies) STRIKER.D.OPS: gold red
(09:23 / Allies) daniloabc: i'll use
(11:12 / Allies) STRIKER.D.OPS: protect green
(11:56 / Allies) Hoarders: move bitch get out the way
(12:28 / Allies) STRIKER.D.OPS: tower up more red
(12:39 / Allies) daniloabc: money :/;
(12:43 / Allies) daniloabc: wait
(14:34 / All) Hoarders: we were out there having fun, in the warm california sun
(14:44 / Allies) daniloabc: loool
(15:04 / Allies) daniloabc: blue
(16:15 / All) HelloOnTheWay: THE
(16:15 / All) HelloOnTheWay: FUCK
(16:16 / All) HelloOnTheWay: OUT
(16:34 / Allies) daniloabc: kleave green
(17:39 / Allies) daniloabc: greeen lets go
(17:48 / All) HelloOnTheWay: LOL
(18:01 / Allies) daniloabc: wait
(19:20 / Allies) daniloabc: lol
(19:21 / All) STRIKER.D.OPS: lolz
(19:39 / Allies) daniloabc: back
(20:32 / All) WhosGotTheMota: next time dont kill my peon or farm
(20:54 / All) HelloOnTheWay: Already reteching bro
(21:03 / Allies) Just)Tool: come red
(21:23 / Allies) daniloabc: [wait
(21:30 / Allies) Just)Tool: meet
(21:34 / All) HelloOnTheWay: He was mad that I bought 3 shredders
(21:36 / Allies) daniloabc: blue
(21:38 / Allies) daniloabc: exercit?
(22:28 / Allies) Hoarders: your choke is so annoying
(22:40 / Allies) Just)Tool: h
(23:53 / All) HelloOnTheWay: yrsl teal hekop - yellow
(23:58 / All) STRIKER.D.OPS: lolz
(24:03 / All) STRIKER.D.OPS: SERISOULY yellow
(24:41 / Allies) daniloabc: nice hit green
(25:25 / Allies) Just)Tool: red mass tanks
(25:35 / Allies) daniloabc: blue tank
(25:37 / Allies) daniloabc: mass machines
(25:38 / Allies) daniloabc: :D
(25:43 / Allies) Just)Tool: kk
(25:51 / Allies) daniloabc: purple
(25:54 / Allies) daniloabc: create aexercit lol
(26:27 / All) HelloOnTheWay: I should have HEKOPED him
(26:30 / All) STRIKER.D.OPS: the dmoralizing choke points
(26:49 / Allies) daniloabc: lol
(26:55 / Allies) Just)Tool: like?
(28:27 / All) HelloOnTheWay: gj red
(28:29 / All) HelloOnTheWay: idiot
(28:33 / Allies) daniloabc: lol
(28:35 / Allies) daniloabc: u idiot
(28:52 / Allies) STRIKER.D.OPS: lolz
(30:16 / Allies) daniloabc: lumber please
(30:28 / Allies) daniloabc: thanks
(32:28 / Allies) daniloabc: wait me
(33:10 / Allies) daniloabc: stop that
(33:18 / Allies) daniloabc: blue
(33:19 / Allies) daniloabc: omg
(33:57 / Allies) daniloabc: stop this
(34:35 / All) HelloOnTheWay: was hoping to get lvl 6
(35:24 / All) Just)Tool: gg man
(35:30 / All) HelloOnTheWay: Not over yet. Time for you to leave
(35:55 / Allies) daniloabc: toers
(35:58 / Allies) Just)Tool: blue can we please finish the game
(36:04 / Allies) Just)Tool: i need this win for icon :/
(36:16 / All) STRIKER.D.OPS: here tht teal
(36:18 / Allies) Hoarders: what's stopping you
(36:27 / All) HelloOnTheWay: Speak English
(36:27 / All) STRIKER.D.OPS: green needs this win for an icon
(37:55 / Allies) daniloabc: stop this man
(38:18 / All) HelloOnTheWay: oh doesn't matter, you've already halled them
(38:21 / All) HelloOnTheWay: mechanical critters and mass tp useless
(38:44 / Allies) Just)Tool: purp wtf
(38:48 / Allies) Just)Tool: im tryin to fin
(38:49 / Allies) Just)Tool: i need it
(39:08 / Allies) daniloabc: nice team
(39:09 / Allies) daniloabc: '-'
(39:19 / All) daniloabc: purple and blue, 2 soon of bith
(39:29 / All) Hoarders: soon of bith
(40:45 / All) HelloOnTheWay: this game was boring as shit
(40:49 / All) HelloOnTheWay: had to wait to mass tp due to your towers
(40:53 / All) HelloOnTheWay: then you did everything already
(40:55 / All) HelloOnTheWay: allies ragequitted
(41:26 / All) Hoarders: fucked up teh surround with tanks
(41:35 / All) Hoarders: should hit hold position
(41:36 / All) HelloOnTheWay: What surround?
(41:39 / All) HelloOnTheWay: I wasn't ever trying to
(41:42 / All) HelloOnTheWay: if I had one I never noticed it
(41:53 / All) Hoarders: I mean me
(41:56 / All) Hoarders: on his tc
(42:00 / All) Hoarders: got it just now tho
(42:00 / All) Just)Tool: wtf
(42:07 / All) Hoarders: had it surrounded after resurrection
(42:17 / All) daniloabc: fuck you purple
(42:19 / All) HelloOnTheWay: this was seriously one of the most boring matches I've ever played
(42:24 / All) HelloOnTheWay: this map is fucking terrible
(42:31 / All) Hoarders: red and green funny
(42:33 / All) HelloOnTheWay: it's like slalom in that every game on it is exactly the same
(42:38 / All) Hoarders: Jake upload oru side after this
(42:45 / All) STRIKER.D.OPS: okay
(42:45 / All) Hoarders: I love this map
(42:49 / All) Hoarders: there's a lot of shit you can do on this
(42:53 / All) Hoarders: you can early harass
(42:58 / All) STRIKER.D.OPS: i like market square then gold rush the most
(43:09 / All) Hoarders: hate gold rush too many expansions
(43:17 / All) HelloOnTheWay: market square is okay
(43:25 / All) Hoarders: you have to rely on your team in gold rush
(43:25 / All) HelloOnTheWay: most games on it are exactly the same
(43:29 / All) HelloOnTheWay: it doesn't offer much variety
(43:34 / All) HelloOnTheWay: the unbuildable terrain ruins it
(43:35 / All) Hoarders: if teams lopsided it's really pronounced
(43:53 / All) HelloOnTheWay: gold rush is a decent map. battleground and mur'gul too, I've had great games on them
(43:57 / All) Hoarders: green can you leave and make this easy on us
(44:00 / All) HelloOnTheWay: murgul and battleground would be better if everyone didn't rush
(44:07 / All) HelloOnTheWay: all these faggots that can't play past 5 minutes in
(44:11 / All) Hoarders: stop being an ass green
(44:12 / All) Just)Tool: i need the icon :(
(44:19 / All) Just)Tool: why do i have to leave
(44:24 / All) HelloOnTheWay: because you lost
(44:27 / All) HelloOnTheWay: want me to pause?
(44:28 / All) Hoarders: Gtfo scrub
(46:26 / All) HelloOnTheWay: sending shit to top left inside base
(46:29 / All) HelloOnTheWay: free xp
(46:34 / All) HelloOnTheWay: gyros without flak or land cannons
(46:37 / All) HelloOnTheWay: and lots of peons
(47:12 / All) Hoarders: my blood mage looks like a boss
(47:15 / All) Hoarders: flanked by dragons
(47:40 / All) STRIKER.D.OPS: would look cooler with cloak of flame
(47:45 / All) Hoarders: Yeah
(47:50 / All) Hoarders: and battle drums
(49:17 / All) HelloOnTheWay: I have 28,000 wood
(49:24 / All) Hoarders: what the fuck building do we have left
(49:28 / All) Hoarders: Ah
(49:29 / All) Hoarders: farm